Unix NetHack Version 3.7.0-97 Work-in-progress - last build Feb 8 2024 15:05:57 (6d6cdf8371b60126770a3d7b88910941cb14a054,branch:master). Game began 2024-03-03 21:26:50, ended 2024-03-03 22:38:44. nurdglaw, chaotic female human Rogue --- ----- |..- --.|.-- |...--..)..| -#...G@...------ --..`Gd......%.| |..........--- | |.....d.....*| --...........| --......---.| -..-..-- -- ......| .......- ......... .....0..... ............- ......--.----- |.....- --- ----.- -- Nurdglaw the Cutpurse St:10 Dx:18 Co:18 In:9 Wi:11 Ch:11 Chaotic S:730 Dlvl:4 $:0 HP:0(36) Pw:19(19) AC:6 Xp:4/127 T:2481 Burdened Latest messages: You wipe out the message that was written in the dust here. You write in the dust with your fingertip. What do you want to write in the dust here? Elbereth You feel tough! You must have been leading a healthy life-style. You are in full health. You fall down the stairs. There is a branch staircase up to the Dungeons of Doom here. You see here an arrow. The gnome king thrusts his broad short sword. The gnome king hits! The gnome lord shoots an arrow! You are hit by an arrow. The little dog bites the gnome king. The gnome king thrusts his broad short sword at the little dog. The gnome king misses the little dog. The gnome picks up 2 uncursed +0 daggers. You hit the gnome king. The little dog misses the gnome king. The gnome king thrusts his broad short sword. The gnome king hits! You hit the gnome king. The little dog bites the gnome king. The gnome king is killed! You have a little trouble lifting b - 3 uncursed +0 daggers. b - 2 uncursed +0 daggers (5 in total). There are several more objects here. The little dog misses the jackal. The jackal bites! The gnome hurls a cloudy potion! The bottle crashes on your head and breaks into shards. You hear the howling of the CwnAnnwn... The cloudy potion evaporates. Something seems to be holding you. The gnome wields 2 uncursed +0 daggers! The little dog bites the jackal. The jackal is killed! The gnome picks up a hard hat. The little dog eats a jackal corpse. The gnome lord falls into a pit! The gnome lord is killed! The gnome picks up an arrow. The gnome thrusts one of his daggers. The gnome hits! You die... Do you want your possessions identified? [ynq] (y) y Do you want to see your attributes? [ynq] (y) y Do you want an account of creatures vanquished? [ynaq] (y) y Do you want to see your conduct and achievements? [ynq] (y) y Do you want to see the dungeon overview? [ynq] (y) y Inventory: Weapons v - 8 blessed +2 arrows J - 9 uncursed +0 arrows b - 5 uncursed +0 daggers l - a blessed +1 orcish dagger named not cursed (weapon in right hand) m - an uncursed +1 orcish dagger t - 2 uncursed +0 orcish daggers named not cursed M - an uncursed +0 dwarvish mattock w - a cursed +0 long sword a - an uncursed +0 short sword (alternate weapon; not wielded) Armor B - an uncursed +0 orcish helm (being worn) j - an uncursed +0 pair of jumping boots c - a blessed +1 leather armor (being worn) Comestibles N - an uncursed food ration x - a cursed food ration D - an uncursed tripe ration Spellbooks I - an uncursed spellbook of dig named not cursed Rings E - an uncursed ring of teleport control (on left hand) Wands C - an uncursed wand of sleep (0:7) F - an uncursed wand of slow monster (0:3) Tools s - an empty uncursed bag of holding h - an uncursed sack containing 8 items K - an empty uncursed sack k - an uncursed lock pick Contents of the sack: 72 gold pieces an uncursed scroll of amnesia named not cursed a blessed scroll of confuse monster named not cursed an uncursed spellbook of restore ability named not cursed an uncursed potion of confusion named not cursed 3 uncursed potions of healing named not cursed an uncursed potion of sickness an uncursed worthless piece of white glass Nurdglaw the Rogue's attributes: Background: You were a Cutpurse, a level 4 female human Rogue. You were chaotic, nominally on a mission for Kos who was opposed by Issek (lawful) and Mog (neutral). You were right-handed. You were in the Gnomish Mines, on level 4. You entered the dungeon 2481 turns ago. It was nighttime. You had 127 experience points, 33 more were needed to attain level 5. Your score was 730 before end-of-game adjustments. Basics: You had 0 out of 36 hit points. You had all 19 energy points (spell power). Your armor class was 6. Your wallet was empty, but you had 72 zorkmids stashed away in your pack. Autopickup was on for '$' plus thrown. Final Characteristics: Your strength was 10 (limit:18/100). Your dexterity was 18 (limit:18). Your constitution was 18 (limit:18). Your intelligence was 9 (limit:18). Your wisdom was 11 (limit:18). Your charisma was 11 (limit:18). Final Status: You weren't hungry. You were burdened; movement was slightly slowed. You were wielding a dagger. You had basic skill with dagger. Final Attributes: You were piously aligned. You were stealthy. You had teleport control. You were warded. You are dead. Miscellaneous: You never encountered a bones level. Total elapsed playing time was 1 hour, 11 minutes and 38 seconds. Major events: Turn 1: nurdglaw the chaotic female human Rogue entered the dungeon 1173: attained the rank of Cutpurse (level 3) 2132: entered the Gnomish Mines 2481: killed by a gnome, while frozen by a potion Vanquished creatures: a gnome ruler 2 gnome leaders a little dog a floating eye 2 dwarves a giant bat an iguana a hobbit 2 manes 2 cave spiders a yellow mold 3 gnomes 5 garter snakes a gnome zombie 5 jackals 2 foxes 7 goblins a grid bug 2 lichens a kobold zombie 7 newts 49 creatures vanquished. No species were genocided or became extinct. Voluntary challenges: You were an atheist. You read items or engraved 9 times. You engraved Elbereth 6 times. You never genocided any monsters. You never polymorphed an object. You never changed form. You used no wishes. Achievements: You entered a shop. You attained the rank of Cutpurse. You entered the Gnomish Mines. The Dungeons of Doom: levels 1 to 4 Level 1: A sink, a grave. Level 2: A fountain. Level 3: A fountain. Stairs down to The Gnomish Mines. Level 4: The Gnomish Mines: Level 4: <- You were here. Final resting place for you, killed by a gnome, while frozen by a potion. Game over: ---------- / \ / REST \ / IN \ / PEACE \ / \ | nurdglaw | | 72 Au | | killed by a | | gnome | | | | | | 2024 | *| * * * | * _________)/\\_//(\/(/\)/\//\/|_)_______ Goodbye nurdglaw the Rogue... You died in The Gnomish Mines on dungeon level 4 with 723 points, and 72 pieces of gold, after 2481 moves. You were level 4 with a maximum of 36 hit points when you died.